 Dungeon Crawl Stone Soup version 0.30-a0-778-g2ef04afb54 (webtiles) character file.

Game seed: 13814214599395530800

6925 mistaj the Cleaver (level 11, -4/62 HPs)
             Began as a Vine Stalker Fighter on Feb 16, 2023.
             Was a High Priest of Okawaru.
             Slain by a large abomination (12 damage)
             ... on level 1 of the Abyss.
             The game lasted 00:19:09 (9514 turns).

mistaj the Cleaver (Vine Stalker Fighter)           Turns: 9514, Time: 00:19:10

Health: -4/62      AC: 18    Str: 22    XL:     11   Next: 7%
Magic:  0/19       EV:  5    Int:  8    God:    Okawaru [*****.]
Gold:   811        SH: 11    Dex: 15    Spells: 20/20 levels left

rFire   . . .      SeeInvis .    b - +2 hand axe (heavy)
rCold   . . .      Faith    .    c - +0 buckler
rNeg    . . .      Spirit   +    M - +0 plate armour
rPois   .          Reflect  +    w - +1 helmet
rElec   .          Harm     .    n - +0 cloak
rCorr   .          Rampage  .    (no gloves)
Will    +....                    (no boots) Stlth
                                 K - amulet of reflection
HPRegen 1.10/turn                y - +4 ring of slaying
MPRegen 0.16/turn                z - +4 ring of protection

@: about to teleport, studying Short Blades
A: fangs 3, regeneration 1, magic shield, antimagic bite, no potion heal 2
a: Renounce Religion, Heroism, Finesse, Duel


You were on level 1 of the Abyss.
You worshipped Okawaru.
Okawaru was extremely pleased with you.
You visited 1 branch of the dungeon, and saw 11 of its levels.
You visited the Abyss 1 time.
You also visited: Ossuary.

You collected 839 gold pieces.
You spent 28 gold pieces at shops.

Inventory:

Hand Weapons
 a - a +0 war axe
 b - a +2 heavy hand axe (weapon)
 t - a +3 hand axe
 L - a +2 battleaxe
Missiles
 i - a throwing net (quivered)
Armour
 c - a +0 buckler (worn)
 n - a +0 cloak (worn)
 w - a +1 helmet (worn)
 F - a +0 ring mail of cold resistance
 M - a +0 plate armour (worn)
Jewellery
 y - a +4 ring of slaying (left hand)
 z - a +4 ring of protection (right hand)
 K - an amulet of reflection (around neck)
Wands
 e - a wand of mindburst (21)
 l - a wand of iceblast (12)
 A - a wand of quicksilver (5)
 C - a wand of digging (4)
Scrolls
 g - 4 scrolls of enchant weapon
 h - 5 scrolls of identify
 k - 2 scrolls of vulnerability
 o - a scroll of fear
 p - a scroll of amnesia
 r - a scroll of fog
 u - 2 scrolls of magic mapping
 v - 8 scrolls of teleportation
 x - 2 scrolls of poison
Potions
 d - 4 potions of might
 f - 3 potions of lignification
 j - a potion of cancellation
 m - 4 potions of haste
 q - 6 potions of curing
 s - 2 potions of brilliance
 B - a potion of magic
 D - 4 potions of flight
 E - 2 potions of attraction
 G - 2 potions of resistance
 H - 3 potions of mutation
 I - a potion of ambrosia
 J - a potion of invisibility


   Skills:
 + Level 9.1 Fighting
 * Level 10.1 Axes
 - Level 2.4 Armour
 - Level 6.8 Shields
 + Level 5.0 Spellcasting


You had 20 spell levels left.
You didn't know any spells.
Your spell library was empty.

Dungeon Overview and Level Annotations

Branches:
Dungeon (11/15)            Temple (0/1) D:7         Ossuary (visited)
   Lair: D:8-11         Orc: D:9-12

Altars:
Cheibriados
Dithmenos
Kikubaaqudgha
Makhleb
Okawaru
Qazlal
Vehumet

Shops:
D:4 ?

Annotations:
D:11 Erolcha


Innate Abilities, Weirdness & Mutations

You have razor-sharp teeth.
Your natural rate of healing is unusually fast.
When hurt, damage is shared between your health and your magic reserves.
Your bite disrupts and absorbs the magic of your enemies.
Potions cannot restore your health.


Message History

The ufetubus shouts!
The ufetubus hits you but does no damage.
You block the ufetubus's attack.
You hit the ufetubus. You bite the ufetubus.
You kill the ufetubus!
Okawaru accepts your kill.
Found a gateway leading deeper into the Abyss.
There is a gateway leading deeper into the Abyss here.
A large abomination comes into view.
You block the large abomination's attack.
The large abomination attacks as you move away!
The large abomination hits you!!
The large abomination attacks as you move away!
You block the large abomination's attack.
The large abomination attacks as you move away!
The large abomination hits you!
The large abomination attacks as you move away!
The large abomination hits you.
As you read the scroll of teleportation, it crumbles to dust.
You feel strangely unstable.
You feel the power of the Abyss delaying your translocation!
The large abomination hits you but does no damage.
The large abomination attacks as you move away!
You block the large abomination's attack.
The large abomination attacks as you move away!
You block the large abomination's attack.
The large abomination hits you!!
The large abomination attacks as you move away!
The large abomination hits you!!
* * * LOW HITPOINT WARNING * * *
The large abomination attacks as you move away!
You block the large abomination's attack.
A thrashing horror comes into view.
The large abomination attacks as you move away!
The large abomination hits you!
* * * LOW HITPOINT WARNING * * *
The thrashing horror roars!
The large abomination attacks as you move away!
The large abomination hits you!
You die...

#≈≈. #≈≈. # #§..#
.#≈§.. .....##
#..#.# #. #.X..#
..## #.@##..... #
##.X......#
##.#####...##...#.
......#....# #..#
#.#...#.## ..
##..#.#..#
#.#.....#.#
#...#.#.#..#
#.....#.# .#


You could see a thrashing horror and a large abomination.

Vanquished Creatures
  Pikel (D:9)
  An unseen horror (D:10)
  3 trolls
  4 yaks (D:10)
  A wraith (D:10)
  A vampire mosquito (D:7)
  2 ice beasts
  2 orc warriors
  3 black bears
  An ogre (D:7)
  5 centaurs
  A kobold brigand (D:8)
  2 bullfrogs
  A necrophage (D:6)
  2 scorpions
  A gnoll sergeant (D:6)
  20 wights
  16 killer bees
  5 howler monkeys
  2 hounds
  2 jellies
  6 orc priests
  2 gnoll boudas (D:8)
  6 iguanas
  An iron imp (D:10)
  12 orc wizards
  8 mummies (Ossuary)
  7 gnolls (D:8)
  12 adders
  6 shadow imps
  2 white imps (D:7)
  An ufetubus (Abyss:1)
  2 dart slugs (D:1)
  39 orcs
  7 ball pythons
  5 bats
  10 endoplasms
  2 giant cockroaches
  7 goblins
  6 hobgoblins
  9 jackals
  3 quokkas
  3 frilled lizards
  3 gnoll zombies (Ossuary)
  3 hobgoblin zombies (Ossuary)
  19 kobolds
  2 orc zombies (Ossuary)
  6 rats
265 creatures vanquished.

Vanquished Creatures (others)
  7 withered plants (D:4)
7 creatures vanquished.

Grand Total: 272 creatures vanquished

Notes
Turn   | Place    | Note
-------+----------+-------------------------------------------
     0 | D:1      | mistaj the Vine Stalker Fighter began the quest for the
                  | Orb.
     0 | D:1      | Reached XP level 1. HP: 11/11 MP: 2/2
   110 | D:1      | Reached skill level 2 in Axes
   110 | D:1      | Reached XP level 2. HP: 9/16 MP: 1/3
   314 | D:1      | Reached XP level 3. HP: 16/20 MP: 4/4
   824 | D:2      | Found a radiant altar of Vehumet.
   894 | D:2      | Gained mutation: Your natural rate of healing is unusually
                  | fast. [Vine Stalker growth]
   894 | D:2      | Reached XP level 4. HP: 17/24 MP: 5/5
  1540 | D:3      | Found a faded altar of an unknown god.
  1604 | D:3      | Reached skill level 3 in Axes
  1604 | D:3      | Reached XP level 5. HP: 25/29 MP: 3/6
  1823 | D:3      | Found a shadowy altar of Dithmenos.
  1983 | D:3      | Identified the +2 robe of Classification {Int+3}
  2363 | D:4      | Found a sand-covered staircase.
  2380 | Ossuary  | Entered an ossuary
  2408 | Ossuary  | Reached XP level 6. HP: 20/33 MP: 3/7
  2652 | D:4      | Found Velil's Magic Scroll Shoppe.
  2662 | D:4      | Bought a scroll of identify for 28 gold pieces
  2879 | D:4      | Found an iron altar of Okawaru.
  2912 | D:4      | Became a worshipper of Warmaster Okawaru
  2951 | D:4      | Noticed a black bear
  2955 | D:4      | Killed a black bear
  2956 | D:4      | Reached skill level 4 in Axes
  2956 | D:4      | Reached XP level 7. HP: 38/38 MP: 6/8
  2974 | D:4      | Found an ancient bone altar of Kikubaaqudgha.
  3184 | D:5      | Entered Level 5 of the Dungeon
  3454 | D:5      | Found a burning altar of Makhleb.
  3522 | D:5      | Reached skill level 5 in Fighting
  3522 | D:5      | Reached skill level 5 in Shields
  3708 | D:5      | Reached * piety under Okawaru
  3774 | D:5      | Gained mutation: You have razor-sharp teeth. [Vine Stalker
                  | growth]
  3774 | D:5      | Reached XP level 8. HP: 43/43 MP: 9/9
  4120 | D:5      | You fall into a shaft and drop 2 floors!
  4132 | D:7      | Reached skill level 5 in Axes
  4229 | D:7      | Reached ** piety under Okawaru
  4269 | D:7      | Reached skill level 6 in Axes
  4518 | D:7      | Reached XP level 9. HP: 49/49 MP: 10/10
  4556 | D:6      | Noticed a troll
  5285 | D:6      | Reached *** piety under Okawaru
  5653 | D:6      | Identified the +1 leather armour "Baxey" {rC+ Int+3 Dex+3}
  5676 | D:6      | Reached skill level 7 in Axes
  6032 | D:6      | Killed a troll
  6141 | D:7      | Found a staircase to the Ecumenical Temple.
  6512 | D:8      | Reached skill level 1 in Spellcasting
  6727 | D:8      | Reached **** piety under Okawaru
  6730 | D:8      | Reached XP level 10. HP: 46/56 MP: 13/13
  6862 | D:8      | Reached skill level 8 in Axes
  7687 | D:9      | Noticed a two-headed ogre
  8011 | D:9      | Noticed Pikel
  8019 | D:9      | Killed Pikel
  8020 | D:9      | Reached skill level 9 in Axes
  8295 | D:10     | Entered Level 10 of the Dungeon
  8399 | D:10     | Reached ***** piety under Okawaru
  8495 | D:10     | Found a snail-covered altar of Cheibriados.
  8935 | D:10     | Found a stormy altar of Qazlal.
  9063 | D:10     | Reached XP level 11. HP: 52/62 MP: 14/19
  9356 | D:10     | Reached skill level 10 in Axes
  9356 | D:10     | Reached skill level 5 in Spellcasting
  9419 | D:11     | Noticed Erolcha
  9419 | D:11     | Noticed a manticore
  9420 | D:11     | Noticed a cyclops
  9420 | D:11     | Noticed a boulder beetle
  9423 | Abyss:1  | Cast into level 1 of the Abyss (Erolcha)
  9431 | Abyss:1  | Found a corrupted altar of Lugonu.
  9496 | Abyss:1  | Noticed a large abomination
  9512 | Abyss:1  | Noticed a thrashing horror
  9514 | Abyss:1  | Slain by a large abomination

Illustrated notes

Levels and vault maps discovered:
D:1:      minmay_arrival_open_corners, layout_basic
D:2:      layout_basic, basic_altar, serial_glass, glass_columns_c,
          glass_columns_b, feat_on_display
D:3:      minmay_razor_zed, layout_loops_cross, nicolae_overflow_hidden_temple,
          shapermc_ecumenical_altar_starsandcircs
D:4:      layout_basic, okawaru_gym_becter, kiku_gazebo_garden_becter,
          lightli_ossuary_entry_decrepit_ruins, nicolae_stop_n_shop_1
D:5:      layout_basic, kennysheep_mini, minmay_misc_feat_tower,
          nicolae_fountain_basement
D:6:      kennysheep_big_flooded_room, layout_basic
D:7:      layout_loops_ring, minmay_temple_entry_sparse_star,
          serial_bayou_pond_a, minmay_manual_monstrance
D:8:      layout_cave_pods, nrook_uturn
D:9:      layout_loops_ring, uniq_pikel
D:10:     layout_gridville, general_overflow_altar, slow_altar_2,
          wad_floor_pattern_untrapped, nicolae_nh_ransacked_shop
D:11:     layout_basic, hellmonk_lair_entry_icy, david_orc_3,
          kennysheep_nondescript, st_stairs_9, kennysheep_decorative_pillar,
          minmay_misc_feat_diagonals, columned_hall_lemuel,
          amcnicky_mini_pool_medium, uniq_josephine, uniq_sonja, uniq_erolcha
Abyss:1:  base:
Temple

Skill      XL: |  1  2  3  4  5  6  7  8  9 10 11 |
---------------+----------------------------------+-----
Axes           | 2 3 4 6 7 9 10 | 10.1
Shields        | 3 4 5 6 |  6.8
Fighting       | 3 4 5 6 8 9 |  9.1
Spellcasting   | 1 4 5 |  5.0
Armour         | |  2.4

Action                     |  1- 3 |  4- 6 |  7- 9 | 10-12 || total
---------------------------+-------+-------+-------+-------++-------
  Melee: War axe           |   101 |    76 |       |       ||   177
         Bite              |    20 |    32 |    67 |    41 ||   160
         Hand axe          |       |    39 |   196 |   164 ||   399
    Use: Scroll            |       |     8 |    18 |     2 ||    28
 Armour: Scale mail        |    70 |    21 |       |       ||    91
         Chain mail        |       |    33 |    68 |       ||   101
         Plate armour      |       |       |    88 |   134 ||   222
  Dodge: Dodged            |    47 |    55 |    64 |    34 ||   200
  Block: Buckler           |    33 |    36 |   101 |   110 ||   280
         Reflection        |       |       |     3 |     3 ||     6

Table legend: (Time is in decaauts)
 A = Elapsed time spent in this place.
 B = Non-inter-level travel time spent in this place.
 C = Inter-level travel time spent in this place.
 D = Time resting spent in this place.
 E = Time spent auto-exploring this place.
 F = Levels seen in this place.
 G = Mean time per level.
                   A        B        C        D        E       F      G
               +--------+--------+--------+--------+--------+-----+--------+
         Total |   9767 |   9434 |    333 |   1191 |   5394 |  13 |  751.3 |
       Dungeon |   9437 |   9104 |    333 |   1147 |   5394 |  11 |  857.9 |
         Abyss |     91 |     91 |      0 |      0 |      0 |   1 |   91.0 |
       Ossuary |    239 |    239 |      0 |     44 |      0 |   1 |  239.0 |
               +--------+--------+--------+--------+--------+-----+--------+

Top non-repeatable levels by time:
     D:8: 1107 daAuts
     D:6: 1093 daAuts
     D:5: 1072 daAuts
    D:10: 1049 daAuts
     D:7: 976 daAuts
     D:3: 952 daAuts
     D:9: 876 daAuts
     D:2: 837 daAuts
     D:1: 755 daAuts
     D:4: 706 daAuts
 Ossuary: 239 daAuts
 Abyss:1: 91 daAuts
    D:11: 8 daAuts
